 Dungeon Sprint DCSS version 0.30.1-11-g7821555f0a (webtiles) character file.

Game seed: 5669602470359490311

31 Heoruswealwe the Trooper (level 3, -7/36 HPs)
             Began as a Hill Orc Fighter on Dec 8, 2023.
             Mangled by a human (8 damage)
             ... in the Dungeon (Sprint III: "The Ten Rune Challenge").
             The game lasted 00:01:04 (70 turns).

Heoruswealwe the Trooper (Hill Orc Fighter)           Turns: 70, Time: 00:01:04

Health: -7/36      AC:  7    Str: 20    XL:     3   Next: 22%
Magic:  3/3        EV:  9    Int:  8    God:
Gold:   10         SH:  4    Dex: 10    Spells: 2/2 levels left

rFire   . . .        a - +0 war axe
rCold   . . .        d - +0 buckler
rNeg    . . .        c - +0 scale mail
rPois   .            (no helmet)
rElec   .            (no cloak)
rCorr   .            (no gloves)
SInv    .            (no boots)
Will    .....        (no amulet) Stlth
                     (no ring)
HPRegen 0.26/turn    (no ring)
MPRegen 0.08/turn

%: no teleportation
@: no status effects
A: no striking features
a: no special abilities


You were in the Dungeon.
You visited 1 branch You collected 10 gold pieces.

Inventory:

Hand Weapons
 a - a +0 war axe (weapon)
Armour
 c - a +0 scale mail (worn)
 d - a +0 buckler (worn)
Scrolls
 j - a scroll of blinking
Potions
 b - a potion of might
 e - a potion of curing
 f - a potion of heal wounds
 g - a potion of haste
 h - 2 potions of magic
 i - a potion of berserk rage


   Skills:
 + Level 5.1 Fighting
 + Level 4.8 Axes
 + Level 4.6 Armour
 + Level 4.6 Shields


You had 2 spell levels left.
You didn't know any spells.
Your spell library was empty.

Dungeon Overview and Level Annotations

Branches:
Dungeon (1/1)

Altars:


Message History

The human barely misses you.
You closely miss the human.
The human is heavily wounded.
The human hits you but does no damage. The human hits you.
You hit the human.
The human is heavily wounded.
The human barely misses you.
You barely miss the human.
The human is heavily wounded.
You block the human's attack.
You barely miss the human.
The human is heavily wounded.
The human hits you but does no damage. The human barely misses you.
You hit the human.
The human is heavily wounded.
The human closely misses you.
You closely miss the human.
The human is heavily wounded.
The human hits you.
* * * LOW HITPOINT WARNING * * *
You closely miss the human.
The human is heavily wounded.
The human hits you.
* * * LOW HITPOINT WARNING * * *
The human closely misses you.
You closely miss the human.
The human is heavily wounded.
The human barely misses you.
You closely miss the human.
The human is heavily wounded.
The human hits you.
* * * LOW HITPOINT WARNING * * *
You completely miss the human.
The human is heavily wounded.
The human hits you.
* * * LOW HITPOINT WARNING * * *
You barely miss the human.
The human is heavily wounded.
The human hits you!
You die...

▓▓▓▓ ▓▓▓▓▓▓▓ ▓<.#
+.....♣ ▓..#
#.....♣
▓#'####....p♣♣
▓..†..#....~@♣
▓.....#...~~♣♣.
▓.....#..~~~~...
▓####'#..~≈≈~~~.♣
▓(.)..#.~~≈~~~...
▓.....#.~≈~~~....
▓.....#.~~~......
▓'#####..........
▓...............


You could see a human.

Vanquished Creatures
  Jessica (D)
  A phantom (D)
  2 rats (D)
4 creatures vanquished.

Notes
Turn   | Place    | Note
-------+----------+-------------------------------------------
     0 | D        | Heoruswealwe the Hill Orc Fighter began the quest for the
                  | Orb.
     0 | D        | Reached XP level 1. HP: 19/19 MP: 1/1
    12 | D        | Noticed Jessica
    15 | D        | Killed Jessica
    16 | D        | Reached skill level 5 in Fighting
    16 | D        | Reached XP level 2. HP: 29/29 MP: 2/2
    16 | D        | Reached XP level 3. HP: 36/36 MP: 3/3
    68 | D        | HP: 1/36 [human (6)]
    70 | D        | Mangled by a human

Illustrated notes

Levels and vault maps discovered:
D:        dungeon_sprint_mu [sprint_mu_entry_forest, sprint_mu_temple_rooms,
          sprint_mu_d1_horrors, sprint_mu_d2_genie, sprint_mu_d3_branching,
          sprint_mu_orc_legion, sprint_mu_elf_gauntlet, sprint_mu_hive_nellie,
          sprint_mu_lair_fedhas, sprint_mu_vaults_butterflies,
          sprint_mu_slime_circle, sprint_mu_swamp_cave, sprint_mu_shoals_kraken,
          sprint_mu_blade_basic, sprint_mu_crypt_lich, sprint_mu_tomb_spiral,
          sprint_mu_vestibule_basic, sprint_mu_gehenna_hellfire,
          sprint_mu_dis_giant, sprint_mu_tartarus_statrot,
          sprint_mu_cocytus_islands, sprint_mu_zot1]

Skill      XL: |  1 |
---------------+----+-----
Axes           | 4 |  4.8
Fighting       | 5 |  5.1
Armour         | 4 |  4.6
Shields        | 4 |  4.6

Action                     || total
---------------------------++-------
  Melee: War axe           ||    29
 Armour: Scale mail        ||     7
  Dodge: Dodged            ||    11
  Block: Buckler           ||     5
